 Dungeon Crawl Stone Soup version 0.29.1-15-g9cfb28693d (webtiles) character file.

Game seed: 17719737807635698186

1390 LustLizard the Covered (level 8, -1/59 HPs)
             Began as a Gnoll Wanderer on Mar 16, 2023.
             Killed from afar by a gargoyle (14 damage)
             ... with a stone arrow
             ... on level 7 of the Dungeon.
             The game lasted 00:17:40 (7623 turns).

LustLizard the Covered (Gnoll Wanderer)             Turns: 7623, Time: 00:17:40

Health: -1/59      AC: 19    Str: 15    XL:     8   Next: 68%
Magic:  14/14      EV: 11    Int: 17    God:
Gold:   191        SH:  0    Dex: 15    Spells: 13/16 levels left

rFire   . . .      SeeInvis .   F - +9 mace "Keso" {protect, *Noise rElec rC++ Dex+4}
rCold   + + .      Faith    .   (no shield)
rNeg    . . .      Spirit   .   c - +0 scale mail
rPois   .          Reflect  .   J - +0 helmet
rElec   +          Harm     .   o - +0 cloak
rCorr   .          Rampage  .   M - +0 pair of gloves
Will    .....                   (no boots)
Stlth   +.........              D - amulet of the acrobat
HPRegen 0.19/turn               k - +6 ring of strength
MPRegen 0.14/turn               (no ring)

@: under a protective aura
A: fangs 1, strong nose, distributed training
a: no special abilities


You were on level 7 of the Dungeon.
You visited 1 branch of the dungeon, and saw 7 of its levels.

You collected 367 gold pieces.
You spent 176 gold pieces at shops.

Inventory:

Hand Weapons
 B - a +1 hand axe
 C - the +3 falchion of Olajie {vorpal, *Rage rPois rC+ rN++ rCorr}
   (You found it on level 3 of the Dungeon)

   It inflicts extra damage upon your enemies.
   rC:        It protects you from cold.
   rPois:     It protects you from poison.
   rN:        It greatly protects you from negative energy.
   *Rage:     It berserks you when you make melee attacks (+20% chance).
   rCorr:     It protects you from acid and corrosion.
 F - the +9 mace "Keso" (weapon) {protect, *Noise rElec rC++ Dex+4}
   (You found it on level 4 of the Dungeon)

   It grants its wielder temporary protection when it strikes (+7 to AC).
   Dex:       It affects your dexterity (+4).
   rC:        It greatly protects you from cold.
   rElec:     It insulates you from electricity.
   *Noise:    It may make noises in combat.
Missiles
 l - 11 poisoned darts
Armour
 c - a +0 scale mail (worn)
 d - a +0 ring mail
 j - a +0 leather armour
 o - a +0 cloak (worn)
 J - a +0 helmet (worn)
 K - +0 ice dragon scales
 M - a +0 pair of gloves (worn)
Magical Staves
 i - a staff of conjuration
Jewellery
 g - an amulet of guardian spirit
 k - a +6 ring of strength (left hand)
 D - an amulet of the acrobat (around neck)
Wands
 N - a wand of digging (4)
Scrolls
 e - 2 scrolls of poison
 f - 2 scrolls of blinking {unknown}
 n - 2 scrolls of enchant armour {unknown}
 r - 3 scrolls of amnesia {unknown}
 u - a scroll of fog {unknown}
 v - 4 scrolls of teleportation {unknown}
 x - 2 scrolls of vulnerability
 y - a scroll of acquirement {unknown}
 E - 3 scrolls of fear {unknown}
 H - 2 scrolls of enchant weapon
 I - 2 scrolls of immolation {unknown}
 L - a scroll of brand weapon {unknown}
Potions
 a - 2 potions of magic
 h - a potion of invisibility {unknown}
 m - a potion of degeneration {unknown}
 p - 3 potions of lignification {unknown}
 q - a potion of resistance {unknown}
 s - 4 potions of haste
 t - 4 potions of curing
 w - a potion of ambrosia {unknown}
 z - 3 potions of mutation {unknown}
 A - a potion of might {unknown}
 G - 2 potions of cancellation {unknown}


   Skills:
 + Level 3.6 Fighting
 + Level 3.6 Short Blades
 + Level 3.6 Long Blades
 + Level 3.6 Axes
 + Level 3.6 Maces & Flails
 + Level 3.6 Polearms
 + Level 3.6 Staves
 + Level 3.6 Ranged Weapons
 + Level 3.6 Throwing
 + Level 7.5 Armour
 + Level 4.5 Dodging
 + Level 3.6 Stealth
 + Level 3.6 Shields
 + Level 3.6 Unarmed Combat
 + Level 4.6 Spellcasting
 + Level 3.0 Conjurations
 + Level 3.0 Hexes
 + Level 3.0 Summonings
 + Level 3.7 Necromancy
 + Level 3.0 Translocations
 + Level 3.0 Transmutations
 + Level 3.0 Fire Magic
 + Level 3.0 Ice Magic
 + Level 3.0 Air Magic
 + Level 3.0 Earth Magic
 + Level 6.2 Poison Magic
 + Level 4.8 Invocations
 + Level 3.6 Evocations


You had 13 spell levels left.
You knew the following spells:

 Your Spells              Type           Power      Damage    Failure   Level
a - Sting                 Tmut/Pois      76%        1d6       8%          1
b - Poisonous Vapours     Pois/Air       38%        N/A       11%         2

Your spell library contained the following spells:

 Spells                   Type           Power      Damage    Failure   Level
 Necrotise                Necr           64%        1d7       11%         1
 Beastly Appendage        Tmut           28%        N/A       14%         1
 Wereblood                Tmut           14%        N/A       22%         2
 Spider Form              Tmut/Pois      19%        N/A       22%         3
 Vampiric Draining        Necr           16%        2d7       32%         3
 Agony                    Necr           16%        N/A       96%         5
 Chain Lightning          Conj/Air       7%         3d9       100%        9
 Fire Storm               Conj/Fire      7%         8d2       100%        9
 Shatter                  Erth           7%         3d9*      100%        9


Dungeon Overview and Level Annotations

Branches:
Dungeon (7/15)
 Temple: D:4-7

Altars:
Kikubaaqudgha
Nemelex Xobeh
Okawaru
Xom
The Shining One

Shops:
D:5 ***[(   D:6 :

Annotations:
D:6 3 runed translucent doors, Calibrex's ghost, novice TrFi


Innate Abilities, Weirdness & Mutations

You have very sharp teeth.
Your uncanny sense of smell can sniff out nearby items.
Your experience applies equally to all skills.


Message History

The gargoyle barely misses you.
You hit the gargoyle but do no damage.
The gargoyle is lightly damaged.
The gargoyle hits you with a +1 mace of protection!
You hit the gargoyle but do no damage.
The gargoyle is lightly damaged.
The gargoyle hits you with a +1 mace of protection!
You hit the gargoyle.
The gargoyle is moderately damaged.
The gargoyle misses you.
You hit the gargoyle but do no damage.
You punch the gargoyle, but do no damage.
The gargoyle is moderately damaged.
The gargoyle hits you with a +1 mace of protection!
* * * LOW HITPOINT WARNING * * *
The gargoyle hurls a stone arrow at you.
The stone arrow misses you.
Okay, then.
You feel much better. The gargoyle closely misses you.
You hit the gargoyle but do no damage. Your bite misses the gargoyle.
The gargoyle is moderately damaged.
The gargoyle hits you with a +1 mace of protection!
You hit the gargoyle but do no damage.
The gargoyle is moderately damaged.
The gargoyle hits you but does no damage.
You hit the gargoyle but do no damage.
The gargoyle is moderately damaged.
The gargoyle closely misses you.
You hit the gargoyle but do no damage.
The gargoyle is moderately damaged.
The gargoyle hits you but does no damage.
The gargoyle hurls a stone arrow at you.
The stone arrow hits you!
* * * LOW HITPOINT WARNING * * *
You hit the gargoyle but do no damage.
You bite the gargoyle, but do no damage.
The gargoyle is moderately damaged.
The gargoyle hurls a stone arrow at you.
The stone arrow hits you!
You die...

..####
##.## .##
##.## ##
#..# #
##.## ##.##
#..# #
##.## ##
######.##
.#
#.....@.#
##
#.#####9##
# ##.##
#..# ##.#
#......#
.........
.........#
..........#


You could see a gargoyle.

Vanquished Creatures
  Eustachio (D:5)
  An orc warrior (D:5)
  An ice beast (D:5)
  An ogre (D:5)
  2 phantoms
  2 gnoll sergeants (D:5)
  5 scorpions
  3 jellies
  An orc priest (D:4)
  2 iguanas (D:4)
  An orc wizard (D:4)
  8 adders
  2 ufetubi (D:4)
  A worm (D:4)
  3 dart slugs
  21 orcs
  4 bat zombies (D:7)
  4 endoplasms
  4 giant cockroaches
  7 goblins
  14 hobgoblins
  10 jackals
  9 kobolds
  A quokka (D:3)
  10 ball pythons
  6 bats
  4 frilled lizards
  4 rats
  A rat zombie (D:7)
133 creatures vanquished.

Vanquished Creatures (others)
  A plant (D:3)
1 creature vanquished.

Grand Total: 134 creatures vanquished

Notes
Turn   | Place    | Note
-------+----------+-------------------------------------------
     0 | D:1      | LustLizard the Gnoll Wanderer began the quest for the Orb.
     0 | D:1      | LustLizard set off with the following items: a +0 dagger, a
                  | potion of heal wounds, a +0 scale mail; and the following
                  | spells available to memorise: Sting, Necrotise, Poisonous
                  | Vapours, Spider Form, Vampiric Draining.
     0 | D:1      | Reached XP level 1. HP: 13/13 MP: 4/4
   321 | D:1      | Learned a level 1 spell: Sting
   493 | D:1      | Reached XP level 2. HP: 19/19 MP: 0/5
   804 | D:1      | Learned a level 2 spell: Poisonous Vapours
  1098 | D:1      | Found a faded altar of an unknown god.
  1452 | D:2      | Reached XP level 3. HP: 25/25 MP: 4/7
  2056 | D:2      | Reached skill level 1 in Fighting
  2056 | D:2      | Reached skill level 1 in Short Blades
  2056 | D:2      | Reached skill level 1 in Long Blades
  2056 | D:2      | Reached skill level 1 in Axes
  2056 | D:2      | Reached skill level 1 in Maces & Flails
  2056 | D:2      | Reached skill level 1 in Polearms
  2056 | D:2      | Reached skill level 1 in Staves
  2056 | D:2      | Reached skill level 1 in Ranged Weapons
  2056 | D:2      | Reached skill level 1 in Throwing
  2056 | D:2      | Reached skill level 1 in Stealth
  2056 | D:2      | Reached skill level 1 in Shields
  2056 | D:2      | Reached skill level 1 in Unarmed Combat
  2056 | D:2      | Reached skill level 1 in Evocations
  2357 | D:2      | Reached XP level 4. HP: 32/32 MP: 6/8
  2449 | D:3      | Found an iron altar of Okawaru.
  2790 | D:3      | Reached skill level 1 in Conjurations
  2790 | D:3      | Reached skill level 1 in Hexes
  2790 | D:3      | Reached skill level 1 in Summonings
  2790 | D:3      | Reached skill level 1 in Translocations
  2790 | D:3      | Reached skill level 1 in Transmutations
  2790 | D:3      | Reached skill level 1 in Fire Magic
  2790 | D:3      | Reached skill level 1 in Ice Magic
  2790 | D:3      | Reached skill level 1 in Air Magic
  2790 | D:3      | Reached skill level 1 in Earth Magic
  3287 | D:3      | Identified the +3 falchion of Olajie {vorpal, *Rage rPois
                  | rC+ rN++ rCorr}
  3604 | D:4      | Reached XP level 5. HP: 35/37 MP: 1/9
  3768 | D:4      | Found a shimmering altar of Xom.
  4035 | D:4      | Identified the +9 mace "Keso" {protect, *Noise rElec rC++
                  | Dex+4}
  4052 | D:4      | Reached XP level 6. HP: 35/44 MP: 7/11
  4743 | D:4      | Found a glowing golden altar of the Shining One.
  4807 | D:5      | Entered Level 5 of the Dungeon
  4836 | D:5      | Found Cothudipor's Armour Boutique.
  4892 | D:5      | Reached skill level 7 in Armour
  4892 | D:5      | Reached XP level 7. HP: 51/51 MP: 4/12
  5059 | D:5      | Noticed Eustachio
  5258 | D:5      | Killed Eustachio
  5385 | D:5      | Found Uggumie's General Store.
  5393 | D:5      | Bought a scroll of identify for 22 gold pieces
  5475 | D:5      | Reached XP level 8. HP: 58/58 MP: 5/14
  5585 | D:5      | Found Kigeosop's Assorted Antiques.
  5593 | D:5      | Bought a scroll labelled YTANO HIHEGO for 34 gold pieces
  5593 | D:5      | Bought a scroll labelled AKEMMAK UQIB for 34 gold pieces
  5627 | D:5      | Found Tirriaf's Assorted Antiques.
  5630 | D:5      | Bought an emerald potion for 20 gold pieces
  5630 | D:5      | Bought a scroll labelled AVA YMMAER for 23 gold pieces
  5630 | D:5      | Bought a blue potion for 20 gold pieces
  5630 | D:5      | Bought a scroll labelled NUCSUL IKHUGUP for 23 gold pieces
  5980 | D:5      | Found Ehynisk's Weapon Shoppe.
  6457 | D:6      | Found Nukkyg's Self-Improvement Boutique.
  6719 | D:6      | Found a runed translucent gate.
  6719 | D:6      | Found a runed translucent gate.
  6719 | D:6      | Found a runed translucent gate.
  6724 | D:6      | Noticed Calibrex's ghost (novice TrFi)
  7252 | D:7      | Found an ancient bone altar of Kikubaaqudgha.
  7494 | D:7      | Found a sparkling altar of Nemelex Xobeh.
  7594 | D:7      | Noticed a gargoyle
  7623 | D:7      | Killed from afar by a gargoyle

Illustrated notes

Levels and vault maps discovered:
D:1:      dpeg_arrival_central, layout_basic,
          hellmonk_ecumenical_altar_heavens_door
D:2:      layout_loops_cross, minmay_split_cup_small
D:3:      corexii_shack_village, layout_loops_ring, lemuel_tele_altar,
          minmay_misc_feat_iff
D:4:      layout_cave_pools, nicolae_tso_swordbearing_angel, xom_teletrap_fun
D:5:      layout_loops_cross, serial_shops, nicolae_shop_trees,
          nicolae_stop_n_shop_1, nicolae_shop_statue_plus, shop,
          nicolae_take_the_stairs, sword_in_stone
D:6:      layout_loops_ring, ebering_ghost_rock_garden, kennysheep_nub,
          minmay_strange_pillars, nicolae_shop_self_help
D:7:      layout_cave_pods, lemuel_zombie_altar_kikubaaqudgha,
          mainiacjoe_overflow_tiny_flanked, minmay_temple_entry_gardened_gates

Skill      XL: |  1  2  3  4  5  6  7  8 |
---------------+-------------------------+-----
Necromancy     | 2 3 |  3.7
Fighting       | 1 2 3 |  3.6
Short Blades   | 1 2 3 |  3.6
Long Blades    | 1 2 3 |  3.6
Axes           | 1 2 3 |  3.6
Maces & Flails | 1 2 3 |  3.6
Polearms       | 1 2 3 |  3.6
Staves         | 1 2 3 |  3.6
Ranged Weapons | 1 2 3 |  3.6
Throwing       | 1 2 3 |  3.6
Stealth        | 1 2 3 |  3.6
Shields        | 1 2 3 |  3.6
Unarmed Combat | 1 2 3 |  3.6
Evocations     | 1 2 3 |  3.6
Spellcasting   | 3 4 |  4.6
Conjurations   | 1 2 3 |  3.0
Hexes          | 1 2 3 |  3.0
Summonings     | 1 2 3 |  3.0
Translocations | 1 2 3 |  3.0
Transmutations | 1 2 3 |  3.0
Fire Magic     | 1 2 3 |  3.0
Ice Magic      | 1 2 3 |  3.0
Air Magic      | 1 2 3 |  3.0
Earth Magic    | 1 2 3 |  3.0
Invocations    | 3 4 |  4.8
Dodging        | 3 4 |  4.5
Armour         | 7 |  7.5
Poison Magic   | 6 |  6.2

Action                   |  1- 3 |  4- 6 |  7- 9 || total
-------------------------+-------+-------+-------++-------
Melee: Dagger            |    72 |    13 |       ||    85
       Bite              |     6 |     3 |     9 ||    18
       Hand axe          |       |     9 |       ||     9
       Falchion          |       |    17 |       ||    17
       Mace              |       |    23 |    75 ||    98
       Punch             |       |       |     1 ||     1
Throw: Dart              |       |       |     5 ||     5
 Cast: Sting             |    43 |    97 |    23 ||   163
       Poisonous Vapours |     3 |    20 |    23 ||    46
  Use: Scroll            |       |     3 |     3 ||     6
       Potion            |       |       |     1 ||     1
Armor: Scale mail        |     9 |       |    30 ||    39
       Ring mail         |    31 |    41 |     8 ||    80
       Leather armour    |     4 |       |       ||     4
Dodge: Dodged            |    44 |    73 |    44 ||   161
